 Dungeon Crawl Stone Soup version 0.20.1-1-g8b1a95d (webtiles) character file.

304 Gargoyl the Covered (level 6, 0/53 HPs)
             Began as a Minotaur Abyssal Knight on Sept 2, 2017.
             Was a Believer of Lugonu.
             Succumbed to an orc wizard's poison
             ... on level 4 of the Dungeon.
             The game lasted 00:07:10 (3091 turns).

Gargoyl the Covered (Minotaur Abyssal Knight)       Turns: 3091, Time: 00:07:11

Health: 0/53       AC: 12    Str: 16    XL:     6   Next: 15%
Magic:  7/7        EV:  5    Int:  9    God:    Lugonu [**....]
Gold:   174        SH:  0    Dex: 12    Spells: 5/5 levels left

rFire    + . .     SeeInvis .   a - +1 hand axe
rCold    + . .     Gourm    .   (no shield)
rNeg     . . .     Faith    .   e - +0 plate armour
rPois    +         Spirit   .   (helmet restricted)
rElec    +         Reflect  .   (no cloak)
rCorr    +         Harm     .   (no gloves)
MR       .....                  (no boots)
Stlth    ..........             (no amulet)
Regen    0.2/turn               (no ring)
MPRegen  0.1/turn               (no ring)

@: lethally poisoned (0 -> -28), resistant
A: retaliatory headbutt, horns 2
a: Depart the Abyss, Bend Space, Renounce Religion


You were on level 4 of the Dungeon.
You worshipped Lugonu.
Lugonu was pleased with you.
You were not hungry.

You visited 1 branch of the dungeon, and saw 4 of its levels.
You visited the Abyss 1 time.

You collected 174 gold pieces.

Inventory:

Hand Weapons
 a - a +1 hand axe (weapon)
Armour
 e - a +0 plate armour (worn)
Jewellery
 k - an uncursed ring of ice
Scrolls
 b - 3 scrolls of amnesia
 d - 4 scrolls of identify
 j - 3 scrolls of remove curse
 p - a scroll of fear
 r - a scroll of teleportation
Potions
 g - a potion of lignification
 h - a potion of haste
Comestibles
 c - 4 bread rations
 f - 3 royal jellies
 i - 6 fruits
 m - a meat ration
 s - 2 chunks of flesh


   Skills:
 + Level 4.7 Fighting
 + Level 4.3 Axes
 * Level 5.3 Armour
 + Level 1.2 Dodging
 * Level 3.0 Invocations


You had 5 spell levels left.
You didn't know any spells.

Dungeon Overview and Level Annotations

Branches:
Dungeon (4/15)
 Temple: D:4-7

Altars:
Fedhas
The Shining One


Innate Abilities, Weirdness & Mutations

You reflexively headbutt those who attack you in melee.
You have a pair of horns on your head.


Message History

It was a potion of invisibility.
You fade into invisibility!
* * * LOW HITPOINT WARNING * * *
You feel very sick. The hound bites you but does no damage.
You are very lightly contaminated with residual magic.
It was a potion of cancellation.
Your magical effects are unravelling.
You feel magically purged.
Your magical contamination has completely faded away.
You feel less wooden.
Your +0 plate armour unmelds from your body.
You flicker back into view.
* * * LOW HITPOINT WARNING * * *
You feel sick. The hound bites you.
* * * LOW HITPOINT WARNING * * *
The hound bites you but does no damage.
It was a potion of resistance.
You feel protected.
You die...

#...#....# #...#....##♣♣
## . #...#.......♣♣ ♣♣#.
.. #...#........♣♣♣♣.'.
... ...#<........♣..♣#.
....###'#........♣.♣♣♣##
#......######♣♣♣♣♣
#....h)# #....@.#
#......# #..........
#......(.....
#............#
#............#
#............#
....#######+#.


You could see a hound.

Vanquished Creatures
  A howler monkey (D:3)
  Crazy Yiuf (D:4)
  2 orc wizards (D:4)
  Robin (D:2)
  5 adders
  3 worms (D:2)
  2 dart slugs (D:2)
  2 leopard geckos
  13 orcs
  3 giant cockroaches (D:2)
  11 goblins
  8 hobgoblins
  10 jackals
  3 kobolds
  2 quokkas (D:2)
  5 ball pythons
  8 bats
  6 frilled lizards
  10 rats
96 creatures vanquished.

Notes
Turn   | Place    | Note
-------+----------+-------------------------------------------
     0 | Abyss:1  | Gargoyl the Minotaur Abyssal Knight began the quest for the Orb.
     0 | Abyss:1  | Reached XP level 1. HP: 19/19 MP: 1/1
    65 | Abyss:1  | Noticed a small abomination
   109 | Abyss:1  | Noticed a small abomination
   110 | Abyss:1  | Noticed a freezing wraith
   111 | D:1      | Escaped the Abyss
   424 | D:1      | Reached XP level 2. HP: 23/27 MP: 2/2
   431 | D:1      | Reached * piety under Lugonu
   732 | D:2      | Found a blossoming altar of Fedhas.
   856 | D:2      | Reached skill level 3 in Armour
   856 | D:2      | Reached XP level 3. HP: 33/33 MP: 3/3
   923 | D:2      | Found a glowing golden altar of the Shining One.
   923 | D:2      | Noticed Robin
   994 | D:2      | Killed Robin
  1209 | D:2      | Reached XP level 4. HP: 24/40 MP: 4/4
  1276 | D:2      | Reached ** piety under Lugonu
  2547 | D:3      | Reached skill level 4 in Armour
  2551 | D:3      | Reached XP level 5. HP: 43/47 MP: 5/5
  2851 | D:4      | Found a runed door.
  2851 | D:4      | Noticed Crazy Yiuf
  2860 | D:4      | Killed Crazy Yiuf
  2860 | D:4      | Reached skill level 5 in Armour
  3079 | D:4      | Reached XP level 6. HP: 38/53 MP: 7/7
  3091 | D:4      | Succumbed to an orc wizard's poison

Skill      XL: |  1  2  3  4  5 |
---------------+----------------+-----
Invocations    | 2 3 |  3.0
Fighting       | 4 |  4.7
Armour         | 3 4 5 |  5.3
Axes           | 3 4 |  4.3
Dodging        | |  1.2

Action                   |  1- 3 |  4- 6 || total
-------------------------+-------+-------++-------
Melee: Hand axe          |   105 |   179 ||   284
       Headbutt          |    14 |    25 ||    39
Invok: Depart the Abyss  |     1 |       ||     1
  Use: Scroll            |     1 |     7 ||     8
       Potion            |       |     4 ||     4
  Eat: Chunk             |     1 |     2 ||     3
       Bread ration      |       |     1 ||     1
Armor: Plate armour      |    97 |   171 ||   268
       Skin              |       |     3 ||     3
Dodge: Dodged            |    37 |    72 ||   109
